 Dungeon Crawl Stone Soup version 0.20.2-3-g29329e0561 (webtiles) character file.

443 Alfie the Shield-Bearer (level 7, -16/54 HPs)
             Began as a Hill Orc Fighter on Oct 14, 2022.
             Demolished by an ogre
             ... wielding a +0 giant spiked club
              (24 damage)
             ... on level 5 of the Dungeon.
             The game lasted 00:12:43 (2869 turns).

Alfie the Shield-Bearer (Hill Orc Fighter)          Turns: 2869, Time: 00:12:44

Health: -16/54     AC:  6    Str: 21    XL:     7   Next: 2%
Magic:  7/7        EV:  8    Int: 10    God:
Gold:   93         SH: 12    Dex: 10    Spells: 6/6 levels left

rFire    . . .     SeeInvis .   a - +1 rapier
rCold    + . .     Gourm    .   c - +2 shield
rNeg     . . .     Faith    .   b - +2 scale mail
rPois    .         Spirit   .   (no helmet)
rElec    .         Reflect  .   (no cloak)
rCorr    .         Harm     .   (no gloves)
MR       .....                  (no boots)
Stlth    ..........             (no amulet)
Regen    0.2/turn               g - ring of protection from cold
MPRegen  0.1/turn               (no ring)

@: no status effects
A: clever 1, deformed body, frail 1
a: no special abilities


You were on level 5 of the Dungeon.
You were not hungry.

You visited 1 branch of the dungeon, and saw 6 of its levels.

You collected 223 gold pieces.
You spent 130 gold pieces at shops.

Inventory:

Hand Weapons
 a - a +1 rapier (weapon)
Armour
 b - a +2 scale mail (worn)
 c - a +2 shield (worn)
Jewellery
 g - a ring of protection from cold (left hand)
 j - an uncursed amulet of harm {unknown}
Scrolls
 e - 2 scrolls of remove curse
 n - 4 scrolls of recharging
Potions
 h - a potion of flight {unknown}
 k - a potion of heal wounds {unknown}
 l - a potion of haste {unknown}
Comestibles
 f - 6 bread rations
 i - 2 fruits
 s - 2 meat rations


   Skills:
 + Level 4.5 Fighting
 + Level 4.4 Short Blades
 + Level 4.8 Armour
 + Level 1.4 Dodging
 + Level 5.0 Shields


You had 6 spell levels left.
You didn't know any spells.

Dungeon Overview and Level Annotations

Branches:
Dungeon (6/15)
 Temple: D:4-7

Altars:
Xom

Shops:
D:4 %

Annotations:
D:3 Alfie's ghost, amateur HOFi


Innate Abilities, Weirdness & Mutations

Your mind is acute. (Int +2)
Armour fits poorly on your strangely shaped body.
You are frail. (-10% HP)


Message History

You see here a club.
There is a stone staircase leading down here.
You climb downwards.
The ogre hits you with a giant spiked club!
You block the howler monkey skeleton's attack.
There is a stone staircase leading up, spattered with blood here.
You hit the howler monkey skeleton.
The howler monkey skeleton is moderately damaged.
The ogre closely misses you. The howler monkey skeleton hits you.
You hit the howler monkey skeleton.
The howler monkey skeleton is heavily damaged.
The ogre hits you with a giant spiked club!!
Ouch! That really hurt!
* * * LOW HITPOINT WARNING * * *
You block the howler monkey skeleton's attack.
You hit the howler monkey skeleton.
The howler monkey skeleton is almost destroyed.
The howler monkey skeleton hits you but does no damage.
The ogre hits you with a giant spiked club!!
You die...

#.............
#.............
#.............
#.............
#.............
#.............
#.............
#####..##.....$...
#.@Z#...#.......).
#O......#.........
+.......#.........
#...##..# ...
#...# ..# #....
..# +.......#
#......<#
#.......#


You could see an ogre and a howler monkey skeleton.

Vanquished Creatures
  An ogre (D:4)
  A water moccasin skeleton (D:6)
  A howler monkey (D:4)
  A crimson imp (D:4)
  A hound (D:4)
  An orc wizard (D:6)
  A bullfrog skeleton (D:4)
  A worker ant (D:4)
  4 adders
  An adder skeleton (D:4)
  2 worms (D:2)
  4 dart slugs
  A leopard gecko (D:1)
  3 orcs
  3 ball pythons
  5 giant cockroaches
  6 goblins
  11 hobgoblins
  4 jackals
  11 bats
  6 frilled lizards
  14 kobolds
  6 rats
89 creatures vanquished.

Notes
Turn   | Place    | Note
-------+----------+-------------------------------------------
     0 | D:1      | Alfie the Hill Orc Fighter began the quest for the Orb.
     0 | D:1      | Reached XP level 1. HP: 19/19 MP: 1/1
   117 | D:1      | Reached XP level 2. HP: 11/27 MP: 2/2
   411 | D:1      | Reached XP level 3. HP: 28/33 MP: 3/3
  1155 | D:2      | Reached XP level 4. HP: 34/40 MP: 4/4
  1658 | D:3      | Noticed Alfie's ghost (amateur HOFi)
  1700 | D:3      | Gained mutation: You are frail. (-10% HP) [potion of mutation]
  1700 | D:3      | Gained mutation: Armour fits poorly on your strangely shaped body. [potion of mutation]
  1700 | D:3      | Gained mutation: Your mind is acute. (Int +2) [potion of mutation]
  2010 | D:3      | Reached skill level 4 in Shields
  2093 | D:4      | Reached XP level 5. HP: 19/41 MP: 5/5
  2221 | D:4      | Reached skill level 1 in Dodging
  2315 | D:4      | Found a shimmering altar of Xom.
  2315 | D:4      | You fall through a shaft for 2 floors!
  2376 | D:6      | Reached XP level 6. HP: 22/46 MP: 6/6
  2423 | D:6      | Noticed an ice beast
  2427 | D:5      | Entered Level 5 of the Dungeon
  2687 | D:4      | Reached skill level 5 in Shields
  2687 | D:4      | Reached XP level 7. HP: 33/54 MP: 7/7
  2688 | D:4      | Found Byclo's Food Emporium.
  2696 | D:4      | Bought a bread ration for 65 gold pieces
  2696 | D:4      | Bought a meat ration for 65 gold pieces
  2869 | D:5      | Demolished by an ogre

Skill      XL: |  1  2  3  4  5  6 |
---------------+-------------------+-----
Fighting       | 4 |  4.5
Armour         | 4 |  4.8
Short Blades   | 3 4 |  4.4
Shields        | 4 5 |  5.0
Dodging        | 1 |  1.4

Action                   |  1- 3 |  4- 6 |  7- 9 || total
-------------------------+-------+-------+-------++-------
Melee: Rapier            |   157 |   235 |     4 ||   396
  Use: Scroll            |    10 |     6 |       ||    16
       Potion            |       |     9 |       ||     9
  Eat: Bread ration      |     1 |     1 |       ||     2
Armor: Scale mail        |    81 |    90 |     1 ||   172
Dodge: Dodged            |    45 |    92 |     1 ||   138
Block: Shield            |    94 |   156 |     3 ||   253
